 Dungeon Crawl Stone Soup version 0.20.1-1-g8b1a95d66d (webtiles) character file.

58499 Peloso the Peltast (level 15, -12/105 HPs)
             Began as a Halfling Fighter on Nov 30, 2017.
             Was the Champion of Okawaru.
             Drowned by a drowned soul (13 damage)
             ... summoned by a merfolk avatar
             ... on level 6 of the Lair of Beasts.
             The game lasted 02:07:54 (27822 turns).

Peloso the Peltast (Halfling Fighter)              Turns: 27822, Time: 02:07:55

Health: -12/105    AC: 26    Str: 25    XL:     15   Next: 30%
Magic:  0/16       EV: 10    Int:  6    God:    Okawaru [******]
Gold:   1357       SH: 15    Dex: 16    Spells: 14/14 levels left

rFire    . . .     SeeInvis +   a - +11 falchion "Keuh" {flame, MR+}
rCold    + . .     Gourm    .   c - +0 shield
rNeg     + . .     Faith    .   b - +3 plate armour {rC+}
rPois    +         Spirit   +   S - +2 hat of the Bear Spirit {Spirit, +Rage rN+ MR++}
rElec    .         Reflect  .   I - +0 cloak
rCorr    .         Harm     .   K - +1 pair of gloves {Str+3}
MR       ++++.                  n - +0 pair of boots
Stlth    ..........             (no amulet)
Regen    0.3/turn               w - ring of poison resistance
MPRegen  0.2/turn               H - ring of see invisible

@: flying
A: mutation resistance 1
a: Heroism, Finesse, Renounce Religion, Evoke Berserk Rage


You were on level 6 of the Lair of Beasts.
You worshipped Okawaru.
Okawaru was exalted by your worship.
You were very hungry.

You visited 4 branches of the dungeon, and saw 21 of its levels.
You also visited: Ice Cave.

You collected 1357 gold pieces.

Inventory:

Hand Weapons
 a - the +11 falchion "Keuh" (weapon) {flame, MR+}
   (Okawaru gifted it to you on level 1 of the Orcish Mines)

   It has been specially enchanted to burn those struck by it, causing extra
   injury to most foes and up to half again as much damage against particularly
   susceptible opponents.
   Big, fiery blades are also staple armaments of hydra-hunters.
   It affects your resistance to hostile enchantments.
 d - a +1 scimitar of electrocution
Armour
 b - a +3 plate armour of cold resistance (worn)
 c - a +0 shield (worn)
 n - a +0 pair of boots (worn)
 I - a +0 cloak (worn)
 K - a +1 pair of gloves of strength (worn)
 S - the +2 hat of the Bear Spirit (worn) {Spirit, +Rage rN+ MR++}
   (You found it on level 10 of the Dungeon)

   It protects you from negative energy.
   It affects your resistance to hostile enchantments.
   It lets you go berserk.
Jewellery
 w - a ring of poison resistance (left hand)
 H - a ring of see invisible (right hand)
Wands
 x - a wand of digging (21/24)
Scrolls
 e - 6 scrolls of teleportation
 k - 2 scrolls of identify
 y - a scroll of magic mapping
 N - 4 scrolls of remove curse
 R - a scroll of recharging
Potions
 h - a potion of brilliance
 q - 2 potions of haste
 z - a potion of agility
 P - a potion of flight
 U - a potion of curing
 V - a potion of resistance
Comestibles
 f - 9 bread rations
 g - 8 meat rations
 j - 12 royal jellies
 E - 12 fruits


   Skills:
 + Level 10.4 Fighting
 + Level 14.3 Long Blades
 + Level 12.2 Armour
 + Level 2.9 Dodging
 + Level 1.9 Stealth
 + Level 15.1 Shields
 + Level 1.5 Unarmed Combat
 + Level 1.9 Invocations
 + Level 1.1 Evocations


You had 14 spell levels left.
You didn't know any spells.

Dungeon Overview and Level Annotations

Branches:
Dungeon (12/15)            Temple (1/1) D:6            Lair (6/6) D:8
  Swamp (0/4) Lair:2        Snake (0/4) Lair:4        Slime (0/5) Lair:5
    Orc (2/2) D:12
    Elf: Orc:2

Altars:
Ashenzari
Cheibriados
Dithmenos
Elyvilon
Fedhas
Kikubaaqudgha
Makhleb
Okawaru
Qazlal
Ru
Sif Muna
Trog
Vehumet
Yredelemnul
The Shining One
Beogh

Shops:
D:11 }

Annotations:
D:11 4 runed doors
D:12 exclusion: 2 statues
Lair:4 exclusion: oklob plant


Innate Abilities, Weirdness & Mutations

You are small and have problems with some larger weapons.
You are somewhat resistant to further mutation.


Message History

The merfolk avatar chants a haunting song.
You resist with almost no effort. You block the polar bear's attack. x2
The polar bear claws you but does no damage.
The drowned soul touches you. The drowned soul drowns you!
* * * LOW HITPOINT WARNING * * *
You see here 19 stones.
As you read the scroll of fear, it crumbles to dust.
You assume a fearsome visage.
The drowned soul is unaffected. x3
The merfolk avatar easily resists.
The polar bear easily resists.
You block the drowned soul's attack. The polar bear bites you.
* * * LOW HITPOINT WARNING * * *
The polar bear claws you but does no damage.
You block the polar bear's attack. You block the drowned soul's attack.
Okay, then.
You feel very buoyant.
You fly up into the air.
The drowned soul touches you. The drowned soul drowns you!
* * * LOW HITPOINT WARNING * * *
The drowned soul touches you. The drowned soul drowns you!
You die...

##.≈#...### #≈≈≈≈≈≈≈≈≈≈#
≈≈.≈.#≈.... #≈≈≈≈≈≈≈≈≈≈#
≈≈≈≈≈≈..##.
#≈≈≈≈≈≈≈≈≈≈#≈≈≈#P≈≈≈.P..
#≈≈≈≈≈≈≈≈≈≈#≈≈P#≈#..≈≈..
#≈≈≈:[/}≈≈≈≈≈≈≈#≈#.≈.##.
#≈≈≈[≈≈|≈≈≈≈≈8≈≈≈≈≈..##.
.≈P≈!≈m%≈≈≈≈≈8≈≈≈≈≈.###.
.≈≈≈(W)@≈≈≈≈≈≈≈#≈##≈.##.
#≈≈≈≈≈P≈h≈≈#≈≈≈#≈.#≈###.
#≈≈≈≈≈≈#≈≈≈# ≈≈#≈≈≈.≈##.
#≈≈≈≈≈≈≈≈≈≈#≈≈≈≈≈≈≈.≈≈##
#8≈≈≈≈≈≈≈≈8#.≈≈.≈##≈P†##
≈###########.#######.≈##≈#.†÷
≈≈≈≈≈≈≈≈≈P≈≈≈≈≈≈≈≈≈≈≈≈≈≈≈≈≈....
≈≈≈≈≈≈≈≈≈≈≈≈≈≈≈P≈≈≈≈≈≈≈≈≈≈≈P#.#
.≈.#≈≈#.≈≈##≈≈##≈≈##≈P##≈≈##..###


You could see a merfolk avatar, a polar bear and a drowned soul.

Vanquished Creatures
  Rupert (Orc:2)
  Kirke (D:12)
  Harold (Orc:1)
  4 hydras
  2 catoblepae
  A centaur warrior (D:9)
  Erica (D:11)
  4 two-headed ogres
  A death yak (Lair:5)
  Nergalle (Lair:1)
  Pikel (D:6)
  2 harpies (Lair:6)
  A necromancer (IceCv)
  4 manticores
  2 deep elf magi
  An ugly thing (D:11)
  A cyclops (D:8)
  Maurice (D:9)
  3 elephants (Lair:6)
  4 black mambas
  An ice statue (IceCv)
  An eye of devastation (Lair:5)
  4 spiny frogs
  10 freezing wraiths (IceCv)
  2 rime drakes
  8 komodo dragons
  An efreet (D:10)
  A queen bee (D:9)
  4 trolls
  4 hornets
  9 blink frogs
  7 slime creatures
  4 polar bears (Lair:6)
  10 hippogriffs
  3 wyverns
  2 wraiths
  35 yaks
  A steam dragon (D:12)
  2 hungry ghosts
  4 vampire mosquitoes (D:12)
  Grum (D:8)
  A warg (Orc:1)
  A death yak simulacrum (IceCv)
  6 insubstantial wisps
  4 nagas (Lair:4)
  9 water moccasins
  A swamp drake (D:10)
  12 porcupines
  2 hornet zombies
  A slave (D:6)
  11 ice beasts
  8 orc warriors
  An eye of draining (Lair:5)
  2 sky beasts
  6 ogres
  2 alligator simulacra (IceCv)
  3 phantoms
  13 crocodiles
  11 centaurs
  16 wolves
  5 big kobolds
  18 bullfrogs
  4 gnoll sergeants (D:12)
  A wyvern skeleton (D:11)
  6 scorpions
  17 killer bees
  3 wights (D:11)
  2 electric eels (Lair:4)
  9 howler monkeys
  5 crimson imps
  A centaur zombie (D:11)
  A bullfrog zombie (D:9)
  5 draconian simulacra (IceCv)
  9 jellies
  A quasit (D:11)
  10 hounds
  11 orc priests
  3 centaur skeletons
  A bullfrog skeleton (D:10)
  An iron imp (D:10)
  5 iguanas
  11 orc wizards
  A spriggan simulacrum (IceCv)
  16 worker ants
  A polar bear simulacrum (IceCv)
  6 troll simulacra (IceCv)
  3 centaur simulacra (IceCv)
  A hound zombie (D:8)
  A hound skeleton (D:11)
  2 worker ant zombies
  2 gnolls (D:12)
  A howler monkey skeleton (D:7)
  17 adders
  5 naga simulacra (IceCv)
  2 shadow imps
  25 white imps
  7 oozes (Lair:4)
  3 worms
  A dart slug (D:3)
  4 leopard geckos
  54 orcs
  2 ball pythons
  10 bats
  8 giant cockroaches
  2 hobgoblins
  3 jackals (D:8)
  5 quokkas
  4 frilled lizards
  A giant cockroach zombie (D:6)
  2 goblins
  22 kobolds
  A quokka skeleton (D:6)
  8 rats
  A fungus (Lair:1)
  2 plants (Lair:1)
613 creatures vanquished.

Vanquished Creatures (others)
  3 humans (D:12)
  An orc warrior (D:12)
  A gnoll sergeant (D:12)
  A wyvern zombie (D:12)
  An orc wizard (D:10)
  A shadow imp (D:10)
  6 orcs
  23 fungi
  17 plants
54 creatures vanquished.

Grand Total: 667 creatures vanquished

Notes
Turn   | Place    | Note
-------+----------+-------------------------------------------
     0 | D:1      | Peloso the Halfling Fighter began the quest for the Orb.
     0 | D:1      | Reached XP level 1. HP: 15/15 MP: 1/1
   102 | D:1      | Reached XP level 2. HP: 17/20 MP: 2/2
   599 | D:2      | Found a shattered altar of Ashenzari.
   641 | D:2      | Reached XP level 3. HP: 26/26 MP: 3/3
   857 | D:2      | Found an ancient bone altar of Kikubaaqudgha.
  1305 | D:3      | Reached XP level 4. HP: 31/31 MP: 4/4
  1578 | D:3      | Found a glowing golden altar of the Shining One.
  1771 | D:3      | Reached XP level 5. HP: 36/36 MP: 5/5
  1782 | D:3      | Reached skill level 4 in Shields
  1806 | D:3      | Reached XP level 6. HP: 6/42 MP: 6/6
  2235 | D:3      | Found a burning altar of Makhleb.
  2441 | D:4      | Noticed a phantom
  2471 | D:4      | Killed a phantom
  2471 | D:4      | Reached skill level 1 in Dodging
  2497 | D:4      | Found a sacrificial altar of Ru.
  2680 | D:4      | Reached skill level 5 in Armour
  2680 | D:4      | Reached XP level 7. HP: 21/46 MP: 7/7
  3385 | D:4      | Reached skill level 5 in Long Blades
  3441 | D:4      | Found a bloodstained altar of Trog.
  3717 | D:5      | Entered Level 5 of the Dungeon
  3746 | D:4      | Reached skill level 5 in Shields
  3854 | D:5      | Reached XP level 8. HP: 44/54 MP: 8/8
  4980 | D:6      | Found a staircase to the Ecumenical Temple.
  4989 | Temple   | Entered the Ecumenical Temple
  5000 | Temple   | Became a worshipper of Warmaster Okawaru
  5514 | D:6      | Reached skill level 6 in Shields
  5890 | D:5      | Reached XP level 9. HP: 31/59 MP: 9/9
  6461 | D:6      | Noticed Pikel
  6518 | D:6      | Killed Pikel
  6518 | D:6      | Reached * piety under Okawaru
  6518 | D:6      | Reached skill level 5 in Fighting
  6518 | D:6      | Reached skill level 7 in Shields
  6524 | D:6      | Found a stormy altar of Qazlal.
  7525 | D:8      | Noticed Grum
  7533 | D:8      | Reached skill level 8 in Shields
  7553 | D:8      | Killed Grum
  7553 | D:8      | Reached ** piety under Okawaru
  7553 | D:8      | Reached XP level 10. HP: 36/66 MP: 10/10
  8059 | D:8      | Noticed a two-headed ogre
  8824 | D:9      | Noticed Maurice
  8859 | D:9      | Killed Maurice
  8859 | D:9      | Reached skill level 9 in Shields
  9130 | D:9      | Found a snail-covered altar of Cheibriados.
  9199 | D:9      | Noticed a centaur warrior
  9224 | D:9      | Killed a centaur warrior
  9224 | D:9      | Reached skill level 1 in Unarmed Combat
  9500 | D:10     | Entered Level 10 of the Dungeon
  9527 | D:10     | Reached *** piety under Okawaru
  9527 | D:10     | Reached skill level 10 in Long Blades
  9527 | D:10     | Reached XP level 11. HP: 68/72 MP: 11/11
  9626 | D:10     | HP: 3/72 [troll (10)]
  9635 | D:10     | Noticed a deep elf mage
  9908 | D:9      | Killed a deep elf mage
 10187 | D:9      | Reached skill level 10 in Shields
 10230 | D:9      | Reached **** piety under Okawaru
 10230 | D:9      | Reached skill level 1 in Stealth
 11109 | D:10     | Noticed a deep elf mage
 11420 | D:10     | Killed a deep elf mage
 11790 | D:9      | Killed a two-headed ogre
 11790 | D:9      | Reached ***** piety under Okawaru
 12145 | D:8      | Noticed a cyclops
 12162 | D:8      | Killed a cyclops
 12265 | D:8      | Found a staircase to the Lair.
 12380 | D:8      | Reached XP level 12. HP: 79/81 MP: 10/12
 12883 | Lair:1   | Entered Level 1 of the Lair of Beasts
 12889 | Lair:1   | Reached skill level 11 in Shields
 12897 | Lair:1   | Received a gift from Okawaru
 12940 | Lair:1   | Identified the Papyrus of Ensnaring Augmentations
 13072 | D:8      | Reached skill level 1 in Evocations
 13156 | D:8      | Noticed a two-headed ogre
 13168 | D:8      | Killed a two-headed ogre
 13967 | Lair:1   | Found a radiant altar of Vehumet.
 13983 | Lair:1   | Noticed Nergalle
 13996 | Lair:1   | Killed Nergalle
 14545 | Lair:2   | Noticed a six-headed hydra
 14554 | Lair:2   | Killed a one-headed hydra
 15010 | Lair:2   | Received a gift from Okawaru
 15332 | Lair:2   | Found a staircase to the Swamp.
 15765 | Lair:2   | Reached skill level 10 in Armour
 15765 | Lair:2   | Reached skill level 12 in Shields
 16447 | Lair:2   | Reached XP level 13. HP: 82/88 MP: 13/13
 16888 | Lair:3   | Noticed a catoblepas
 16921 | Lair:3   | Killed a catoblepas
 17751 | Lair:4   | Received a gift from Okawaru
 17927 | Lair:4   | Found a staircase to the Snake Pit.
 18269 | Lair:4   | Got a shimmering rapier
 18270 | Lair:4   | Identified the +11 rapier of Iconoclasm {elec, Int-4 Dex+3} (You found it on level 4 of the Lair of Beasts)
 19443 | Lair:5   | Found a staircase to the Slime Pits.
 19474 | Lair:5   | Found a frozen archway.
 19679 | IceCv    | Entered an ice cave
 20168 | IceCv    | Reached skill level 13 in Shields
 21044 | IceCv    | Found an ancient bone altar of Kikubaaqudgha.
 21539 | Lair:5   | Reached ****** piety under Okawaru
 21708 | Lair:5   | Noticed an eight-headed hydra
 21714 | Lair:5   | Received a gift from Okawaru
 21727 | Lair:5   | Killed a one-headed hydra
 21730 | Lair:5   | Noticed an eight-headed hydra
 21744 | Lair:5   | Killed a one-headed hydra
 21744 | Lair:5   | Reached XP level 14. HP: 67/97 MP: 9/14
 22302 | D:11     | Noticed Erica
 22315 | D:11     | Killed Erica
 23177 | D:11     | Found a huge runed gate.
 23177 | D:11     | Found a huge runed gate.
 23177 | D:11     | Found a huge runed gate.
 23177 | D:11     | Found a huge runed gate.
 23693 | D:11     | Found Zudyratu's Gadget Shop.
 24134 | D:12     | Reached skill level 1 in Invocations
 24338 | D:12     | Reached skill level 14 in Shields
 24548 | D:12     | Found a staircase to the Orcish Mines.
 24601 | D:12     | Noticed Kirke
 24635 | D:12     | Killed Kirke
 25255 | Orc:1    | Entered Level 1 of the Orcish Mines
 25286 | Orc:2    | Entered Level 2 of the Orcish Mines
 25395 | Orc:2    | Found a roughly hewn altar of Beogh.
 25605 | Orc:1    | Noticed Harold
 25624 | Orc:1    | Killed Harold
 25624 | Orc:1    | Received a gift from Okawaru
 25630 | Orc:1    | Got a polished falchion {god gift}
 25631 | Orc:1    | Identified the +11 falchion "Keuh" {flame, MR+} (Okawaru gifted it to you on level 1 of the Orcish Mines)
 25665 | Orc:2    | Noticed Rupert
 25691 | Orc:2    | Killed Rupert
 25691 | Orc:2    | Reached skill level 10 in Fighting
 26214 | Lair:6   | Entered Level 6 of the Lair of Beasts
 26609 | Lair:6   | Reached XP level 15. HP: 95/103 MP: 16/16
 26720 | Lair:6   | Received a gift from Okawaru
 27189 | Lair:6   | Reached skill level 15 in Shields
 27822 | Lair:6   | HP: 1/105 [drowned by a drowned soul[a merfolk avatar] (14)]
 27822 | Lair:6   | Drowned by a drowned soul

Skill      XL: |  1  2  3  4  5  6  7  8  9 10 11 12 13 14 15 |
---------------+----------------------------------------------+-----
Fighting       | 3 4 5 6 7 9 10 | 10.4
Long Blades    | 3 4 5 6 8 10 11 12 13 14 | 14.3
Armour         | 4 5 6 7 8 10 11 12 | 12.2
Shields        | 4 5 6 8 9 10 12 13 14 15 | 15.1
Dodging        | 1 2 |  2.9
Unarmed Combat | 1 |  1.5
Stealth        | 1 |  1.9
Evocations     | 1 |  1.1
Invocations    | 1 |  1.9

Action                   |  1- 3 |  4- 6 |  7- 9 | 10-12 | 13-15 || total
-------------------------+-------+-------+-------+-------+-------++-------
Melee: Long sword        |   105 |   174 |   347 |       |       ||   626
       Falchion          |       |       |   284 |   532 |   242 ||  1058
       Unarmed           |       |       |       |    17 |       ||    17
       Scimitar          |       |       |       |   565 |  1084 ||  1649
Invok: Heroism           |       |       |     1 |    10 |     9 ||    20
 Abil: Evoke Berserk Rag |       |       |       |     1 |     1 ||     2
Evoke: Wand              |       |       |       |     2 |       ||     2
  Use: Scroll            |     4 |     2 |     2 |    20 |     8 ||    36
       Potion            |       |     1 |     3 |     4 |     5 ||    13
 Stab: Distracted        |       |       |       |       |     1 ||     1
  Eat: Chunk             |     1 |     5 |    15 |    32 |    32 ||    85
       Royal jelly       |       |       |     1 |       |       ||     1
       Fruit             |       |       |       |       |     8 ||     8
Armor: Scale mail        |    42 |       |       |       |       ||    42
       Chain mail        |    23 |    86 |    46 |       |       ||   155
       Plate armour      |       |       |   176 |   452 |   578 ||  1206
       Skin              |       |       |       |     1 |       ||     1
Dodge: Dodged            |    53 |    57 |   133 |   309 |   414 ||   966
Block: Shield            |    85 |   101 |   323 |   691 |   876 ||  2076
       Rpst.: Long sword |    21 |    22 |    26 |       |       ||    69
       Falchion          |       |       |    25 |    47 |    20 ||    92
       Scimitar          |       |       |       |    61 |    69 ||   130
